 Dungeon Crawl Stone Soup version 0.22-a0-322-g60b3cfd (webtiles) character file.

208 xccam the Magician (level 5, 0/64 HPs)
             Began as a Gnoll Wanderer on Apr 4, 2018.
             Succumbed to an orc priest's poison
             ... on level 4 of the Dungeon.
             The game lasted 00:04:53 (2201 turns).

xccam the Magician (Gnoll Wanderer)                 Turns: 2201, Time: 00:04:54

Health: 0/64       AC:  7    Str: 20 (21) XL:     5   Next: 86%
Magic:  12/12      EV: 10    Int: 13 (15) God:
Gold:   70         SH:  0    Dex: 12 (13) Spells: 14/14 levels left

rFire    . . .     SeeInvis .   o - +2 whip (venom)
rCold    . . .     Gourm    .   (no shield)
rNeg     . . .     Faith    .   q - +0 scale mail
rPois    .         Spirit   .   (no helmet)
rElec    .         Reflect  .   (no cloak)
rCorr    .         Harm     .   (no gloves)
MR       .....                  (no boots)
Stlth    ..........             (no amulet)
HPRegen  0.20/turn              m - ring of stealth
MPRegen  0.13/turn              (no ring)

@: berserking, lethally poisoned (0 -> -16), very quick
A: distributed training, fangs 1, strong nose
a: no special abilities


You were on level 4 of the Dungeon.
You were not hungry.

You visited 1 branch of the dungeon, and saw 4 of its levels.

You collected 70 gold pieces.

Inventory:

Hand Weapons
 a - a +2 hand axe
 o - a +2 whip of venom (weapon)
Missiles
 e - 7 tomahawks (quivered)
Armour
 q - a +0 scale mail (worn)
Jewellery
 m - a ring of stealth (left hand)
Scrolls
 b - 3 scrolls of teleportation
 f - a scroll of magic mapping {unknown}
 g - a scroll of enchant weapon {unknown}
 i - 2 scrolls of blinking {unknown}
 j - a scroll of amnesia {unknown}
 l - a scroll of immolation {unknown}
 n - a scroll of identify {unknown}
Potions
 c - a potion of agility {unknown}
 k - a potion of degeneration
 p - a potion of flight {unknown}
 r - a potion of mutation {unknown}
Comestibles
 d - 6 rations
 s - a chunk of flesh


   Skills:
 + Level 4.8 Fighting
 + Level 1.6 Short Blades
 + Level 1.6 Long Blades
 + Level 3.0 Axes
 + Level 1.6 Maces & Flails
 + Level 1.6 Polearms
 + Level 1.6 Staves
 + Level 1.6 Slings
 + Level 1.6 Bows
 + Level 1.6 Crossbows
 + Level 3.0 Throwing
 + Level 4.8 Armour
 + Level 1.6 Dodging
 + Level 1.6 Stealth
 + Level 1.6 Shields
 + Level 1.6 Unarmed Combat
 + Level 5.2 Spellcasting
 + Level 1.3 Conjurations
 + Level 2.4 Hexes
 + Level 1.3 Charms
 + Level 1.3 Summonings
 + Level 1.3 Necromancy
 + Level 1.3 Translocations
 + Level 1.3 Transmutations
 + Level 1.3 Fire Magic
 + Level 1.3 Ice Magic
 + Level 1.3 Air Magic
 + Level 1.3 Earth Magic
 + Level 1.3 Poison Magic
 + Level 1.8 Invocations
 + Level 3.0 Evocations


You had 14 spell levels left.
You didn't know any spells.

Dungeon Overview and Level Annotations

Branches:
Dungeon (4/15)
 Temple: D:4-7

Altars:
Ashenzari
Okawaru
Vehumet
The Shining One

Annotations:
D:4 1 runed door


Innate Abilities, Weirdness & Mutations

Your experience applies equally to all skills.
You have very sharp teeth.
Your uncanny sense of smell can sniff out nearby items.


Message History

* * * LOW HITPOINT WARNING * * *
You feel sick.
The orc priest looks braver for a moment.
The orc barely misses you. x2; The orc priest barely misses you.
You barely miss the orc priest. You bite the orc priest.
The orc priest is moderately wounded.
* * * LOW HITPOINT WARNING * * *
You feel sick.
Unknown command.
You hit the orc priest.
The orc priest is poisoned.
The orc priest is severely wounded.
* * * LOW HITPOINT WARNING * * *
You feel sick. The orc hits you but does no damage. x2
The orc priest hits you with a flail.
* * * LOW HITPOINT WARNING * * *
Unknown command.
You hit the orc priest.
You kill the orc priest!
You feel your intelligence returning.
You die...

#..... ##..#.#∆
####...#.# #......#.#
#......#.# #####
#......#.# #....
#....oo..##### #....
#....)@......# #....
......o######.######....
......>.................
.......######.######....
......# #.............
...... #........#..†.
...... #........#..<.
###### #........#.#.#
#........#.#..


You could see an orc priest and 2 orcs.

Vanquished Creatures
  2 orc priests (D:4)
  An iguana (D:4)
  A worker ant (D:4)
  3 adders (D:2)
  2 oozes
  A worm (D:2)
  A dart slug (D:1)
  2 leopard geckos
  4 orcs
  5 bats
  3 giant cockroaches
  11 goblins
  7 hobgoblins
  8 kobolds
  4 frilled lizards
  A jackal skeleton (D:2)
  4 rats
60 creatures vanquished.

Notes
Turn   | Place    | Note
-------+----------+-------------------------------------------
     0 | D:1      | xccam the Gnoll Wanderer began the quest for the Orb.
     0 | D:1      | xccam set off with: a +2 hand axe, a scroll of teleportation, a +0 ring mail, a ration
     0 | D:1      | Reached XP level 1. HP: 20/20 MP: 6/6
    79 | D:1      | Found a shattered altar of Ashenzari.
   136 | D:1      | Reached XP level 2. HP: 25/26 MP: 7/7
   447 | D:1      | Reached XP level 3. HP: 30/31 MP: 9/9
   714 | D:2      | Reached skill level 5 in Spellcasting
   759 | D:2      | Found a glowing golden altar of the Shining One.
   959 | D:2      | Reached skill level 1 in Invocations
   992 | D:2      | Reached skill level 1 in Short Blades
   992 | D:2      | Reached skill level 1 in Long Blades
   992 | D:2      | Reached skill level 1 in Maces & Flails
   992 | D:2      | Reached skill level 1 in Polearms
   992 | D:2      | Reached skill level 1 in Staves
   992 | D:2      | Reached skill level 1 in Slings
   992 | D:2      | Reached skill level 1 in Bows
   992 | D:2      | Reached skill level 1 in Crossbows
   992 | D:2      | Reached skill level 1 in Dodging
   992 | D:2      | Reached skill level 1 in Stealth
   992 | D:2      | Reached skill level 1 in Shields
   992 | D:2      | Reached skill level 1 in Unarmed Combat
  1175 | D:2      | Reached XP level 4. HP: 38/38 MP: 11/11
  1179 | D:2      | Found an iron altar of Okawaru.
  1837 | D:3      | Reached skill level 1 in Conjurations
  1837 | D:3      | Reached skill level 1 in Charms
  1837 | D:3      | Reached skill level 1 in Summonings
  1837 | D:3      | Reached skill level 1 in Necromancy
  1837 | D:3      | Reached skill level 1 in Translocations
  1837 | D:3      | Reached skill level 1 in Transmutations
  1837 | D:3      | Reached skill level 1 in Fire Magic
  1837 | D:3      | Reached skill level 1 in Ice Magic
  1837 | D:3      | Reached skill level 1 in Air Magic
  1837 | D:3      | Reached skill level 1 in Earth Magic
  1837 | D:3      | Reached skill level 1 in Poison Magic
  1992 | D:3      | Found a radiant altar of Vehumet.
  2117 | D:4      | Reached XP level 5. HP: 43/43 MP: 12/12
  2139 | D:4      | Found a runed door.
  2200 | D:4      | HP: 1/64 [orc priest/flail (3)]
  2201 | D:4      | Succumbed to an orc priest's poison

Vault maps used:
D:1:      dpeg_arrival_tiny_d, nicolae_ashenzari_panopticon
D:2:      old_standard_altar, okawaru_altar_gauntlet_db
D:3:      vehumet_crystals, first_ration
D:4:      serial_shops, nicolae_shop_waterfront, uniq_blork_the_orc,
          uniq_menkaure, uniq_crazy_yiuf_cottage

Skill      XL: |  1  2  3  4  5 |
---------------+----------------+-----
Hexes          | 2 |  2.4
Spellcasting   | 5 |  5.2
Invocations    | 1 |  1.8
Short Blades   | 1 |  1.6
Long Blades    | 1 |  1.6
Maces & Flails | 1 |  1.6
Polearms       | 1 |  1.6
Staves         | 1 |  1.6
Slings         | 1 |  1.6
Bows           | 1 |  1.6
Crossbows      | 1 |  1.6
Dodging        | 1 |  1.6
Stealth        | 1 |  1.6
Shields        | 1 |  1.6
Unarmed Combat | 1 |  1.6
Conjurations   | 1 |  1.3
Charms         | 1 |  1.3
Summonings     | 1 |  1.3
Necromancy     | 1 |  1.3
Translocations | 1 |  1.3
Transmutations | 1 |  1.3
Fire Magic     | 1 |  1.3
Ice Magic      | 1 |  1.3
Air Magic      | 1 |  1.3
Earth Magic    | 1 |  1.3
Poison Magic   | 1 |  1.3
Axes           | 3 |  3.0
Throwing       | 3 |  3.0
Evocations     | 3 |  3.0
Fighting       | |  4.8
Armour         | |  4.8

Action                   |  1- 3 |  4- 6 || total
-------------------------+-------+-------++-------
Melee: Hand axe          |    85 |    42 ||   127
       Bite              |     5 |     9 ||    14
       Whip              |       |    43 ||    43
  Use: Potion            |       |     2 ||     2
  Eat: Chunk             |       |     4 ||     4
Armor: Ring mail         |    47 |    17 ||    64
       Scale mail        |       |    25 ||    25
Dodge: Dodged            |    64 |    48 ||   112

Table legend:
 A = Spawn XP
 B = Non-spawn XP
 C = Spawn XP percentage of total XP
 D = Spawn monster count
 E = Non-spawn monster count
 F = Spawn count percentage of total count
 G = Total turns spent on level
                    A         B        C        D         E        F      G
               +---------+---------+-------+---------+---------+-------+---------
         Total |       0 |     298 |   0.0 |       0 |      60 |   0.0 |  2201
               +---------+---------+-------+---------+---------+-------+---------
           D:1 |       0 |      35 |   0.0 |       0 |      18 |   0.0 |   695
           D:2 |       0 |      86 |   0.0 |       0 |      27 |   0.0 |  1021
           D:3 |       0 |      26 |   0.0 |       0 |      11 |   0.0 |   396
           D:4 |       0 |     151 |   0.0 |       0 |       4 |   0.0 |    89
               +---------+---------+-------+---------+---------+-------+---------
